 Dungeon Crawl Stone Soup version 0.31-a0-819-gf6de2f5ab6 (webtiles) character file.

Game seed: 7415579992252743868

72 Kurtz the Trooper (level 4, 0/33 HPs)
             Began as an Octopode Fighter on Sept 25, 2023.
             Slain by a kobold
             ... wielding the +3 spear "Nuhe Wuz" {freeze, Drain Str+7}
              (3 damage)
             ... on level 2 of the Dungeon.
             The game lasted 00:00:58 (1024 turns).

Kurtz the Trooper (Octopode Fighter)                Turns: 1024, Time: 00:00:58

Health: 0/33       AC:  1    Str: 15    XL:     4   Next: 25%
Magic:  4/4        EV: 13    Int: 10    God:
Gold:   31         SH:  5    Dex: 13    Spells: 3/3 levels left

rFire   . . .        a - +0 war axe
rCold   . . .        b - +0 buckler
rNeg    . . .        (helmet restricted)
rPois   +            (no amulet)
rElec   .            f - ring of poison resistance
rCorr   .            (no ring)
SInv    .            (no ring)
Will    .....        (no ring)
Stlth   ++           (no ring)
HPRegen 0.25/turn    (no ring)
MPRegen 0.09/turn    (no ring)
                     (no ring)

%: no passive effects
@: no status effects
A: almost no armour, amphibious, 8 rings, camouflage 1, gelatinous body 1,
(nimble swimmer 1), tentacles
a: no special abilities


You were on level 2 of the Dungeon.
You visited 1 branch of the dungeon, and saw 2 of its levels.

You collected 31 gold pieces.

Inventory:

Hand Weapons
 a - a +0 war axe (weapon)
Missiles
 e - 3 throwing nets
Armour
 b - a +0 buckler (worn)
Jewellery
 f - a ring of poison resistance (left tentacle)
Scrolls
 d - 2 scrolls of identify {unknown}
 h - a scroll of butterflies {unknown}
 i - a scroll of poison {unknown}
Potions
 c - a potion of heal wounds {unknown}
 g - a potion of invisibility


   Skills:
 * Level 3.6 Fighting
 * Level 2.7 Axes
 * Level 3.5 Dodging
 * Level 3.5 Shields


You had 3 spell levels left.
You didn't know any spells.
Your spell library contained the following spells:

 Spells                   Type           Power      Damage    Failure   Level
 Cigotuvi's Dreadful Rot  Necr/Pois/Air  0%         N/A       58%         2
 Ignite Poison            Fire/Tmut/Pois 0%         N/A       83%         3
 Freezing Cloud           Conj/Ice/Air   0%         6-21      100%        5


Dungeon Overview and Level Annotations

Branches:
Dungeon (2/15)

Altars:


Innate Abilities, Weirdness & Mutations

You cannot wear most types of armour.
You are amphibious.
You can wear up to eight rings at the same time.
Your skin changes colour to match your surroundings (Stealth+).
Your rubbery body absorbs attacks. (AC +1, EV +1)
((You are camouflaged when in or above water. (Stealth+)))
You have tentacles for arms and can constrict up to eight enemies at once.


Message History

You kill the goblin!
You barely miss the frilled lizard. You closely miss the kobold.
The frilled lizard bites you. You block the kobold's attack.
There are monsters nearby!
Unknown command.
You closely miss the frilled lizard. You grab the frilled lizard.
You squeeze the frilled lizard.
You kill the frilled lizard!
You hit the kobold.
The kobold hits you with the +3 spear "Nuhe Wuz" {freeze, Drain Str+7}!
The kobold freezes you. The goblin hits you with a +0 club.
You block the kobold's attack.
You are too injured to fight recklessly!
There are monsters nearby!
You are too injured to fight recklessly!
Unknown command.
There are monsters nearby!
You are too injured to fight recklessly!
There are monsters nearby!
You are too injured to fight recklessly!
Unknown command.
There are monsters nearby!
You are too injured to fight recklessly!
You are too injured to fight recklessly!
Unknown command.
There are monsters nearby!
You are too injured to fight recklessly!
Unknown command.
You are too injured to fight recklessly!
You completely miss the goblin. Your grab misses the goblin.
Your squeeze misses the goblin. You barely miss the kobold.
The goblin hits you with a +0 club.
The kobold hits you with the +3 spear "Nuhe Wuz" {freeze, Drain Str+7}.
The kobold freezes you.
You are too injured to fight recklessly!
The goblin misses you.
The kobold hits you with the +3 spear "Nuhe Wuz" {freeze, Drain Str+7}!
* * * LOW HITPOINT WARNING * * *
The kobold freezes you.
You die...

... #.# #.# ## # #.# ..#
.. #####.# #.#
...#...#.######.# .####
..........)...$## ##....
#...g...#####.###...##
#...K@..# ##.#......
..<...##..######........
...... .................
....# #...#######.#...##
##!. ....# #.#...## #..
##..#. #.##.### ?.
...... ..##.# # ....
####.### #......


You could see a goblin and a kobold.

Vanquished Creatures
  Robin (D:2)
  An adder (D:2)
  A worm (D:2)
  2 dart slugs (D:1)
  4 ball pythons
  3 endoplasms (D:1)
  2 giant cockroaches
  9 goblins
  3 hobgoblins
  4 kobolds
  2 quokkas (D:2)
  2 bats
  8 frilled lizards
  2 rats (D:2)
44 creatures vanquished.

Vanquished Creatures (others)
  A goblin (D:2)
1 creature vanquished.

Grand Total: 45 creatures vanquished

Notes
Turn   | Place    | Note
-------+----------+-------------------------------------------
     0 | D:1      | Kurtz the Octopode Fighter began the quest for the Orb.
     0 | D:1      | Reached XP level 1. HP: 16/16 MP: 1/1
   214 | D:1      | Reached XP level 2. HP: 15/21 MP: 2/2
   680 | D:2      | Reached XP level 3. HP: 26/26 MP: 3/3
   767 | D:2      | Noticed Robin
   778 | D:2      | Killed Robin
   948 | D:2      | Reached XP level 4. HP: 29/32 MP: 4/4
  1010 | D:2      | Identified the +3 spear "Nuhe Wuz" {freeze, Drain Str+7}
  1024 | D:2      | Slain by a kobold

Illustrated notes

Levels and vault maps discovered:
D:1:      giann_bridges, layout_basic
D:2:      layout_loops_ring, kennysheep_decorative_pillar, minmay_lizard_pond,
          uniq_jessica, uniq_robin

Action                     |  1- 3 |  4- 6 || total
---------------------------+-------+-------++-------
  Melee: War axe           |    61 |    10 ||    71
         Constrict         |    11 |     5 ||    16
         Punch             |     2 |       ||     2
         Tentacles         |     8 |     3 ||    11
    Use: Potion            |     2 |       ||     2
   Stab: Sleeping          |     6 |       ||     6
         Distracted        |     1 |       ||     1
         Invisible         |     1 |       ||     1
 Armour: Skin              |    24 |     9 ||    33
  Dodge: Dodged            |    37 |     7 ||    44
  Block: Buckler           |     7 |     4 ||    11

Table legend: (Time is in decaauts)
 A = Elapsed time spent in this place.
 B = Non-inter-level travel time spent in this place.
 C = Inter-level travel time spent in this place.
 D = Time resting spent in this place.
 E = Time spent auto-exploring this place.
 F = Levels seen in this place.
 G = Mean time per level.
                   A        B        C        D        E       F      G
               +--------+--------+--------+--------+--------+-----+--------+
         Total |   1063 |   1051 |     12 |     33 |    735 |   2 |  531.5 |
       Dungeon |   1063 |   1051 |     12 |     33 |    735 |   2 |  531.5 |
               +--------+--------+--------+--------+--------+-----+--------+

Top non-repeatable levels by time:
     D:1: 688 daAuts
     D:2: 375 daAuts
